AoeStats
← 从不压堡之人

Nomad

509113873Analyzed
4v4 RM · 6d ago on Sep 25, 2026· 25m 23s· 8 players
Game mode
Random Map
Map size
231×231
Population
200
Speed
Normal
Resources
Standard
Victory
Conquest
Starting age
Dark Age
Ending age
Imperial Age
RankedLock teamsTeams togetherTeam positionsShared explorationLock speedFull tech treeHidden civsTurbo modeCheats
Victory
Defeat
🇨🇳 Romans · China
1117
+14
🇨🇳 Italians · China
1113
+14
🇨🇳 Cumans · China
1113
+14
998
+20
🇹🇼 Mongols · Taiwan
1120
-16
🇹🇼 Danes · Taiwan
1100
-17
🇺🇦 Koreans · Ukraine
1054
-15
🇹🇼 Franks · Taiwan
1035
-14
从不压堡之人
13:15 Feudal Age
13:53 Double-Bit Axe
14:50 Town Watch
16:08 Gold Mining
16:01 Horse Collar
18:19 Wheelbarrow
17:59 Fletching
20:51 Loom
21:58 Bloodlines
22:12 Scale Barding Armor
22:18 Forging
洗心革面重新做人TownYan
13:47 Feudal Age
14:40 Double-Bit Axe
14:45 Gold Mining
16:29 Fletching
22:16 Castle Age
23:10 Bodkin Arrow
23:36 Medium Warships
23:11 Fishing Lines
24:36 Ballistics
我不是蓝精灵
3:58 Loom
14:24 Feudal Age
15:28 Town Watch
18:11 Castle Age
16:17 Double-Bit Axe
16:15 Fishing Lines
16:59 Man-at-Arms
18:21 Wheelbarrow
18:45 Scale Mail Armor
18:32 Long Swordsman
19:34 Bow Saw
20:40 Forging
23:04 Chain Mail Armor
24:06 Gillnets
LLK是给
4:43 Loom
12:25 Feudal Age
14:43 Town Watch
15:39 Double-Bit Axe
17:32 Fletching
17:58 Fishing Lines
19:45 Gold Mining
23:04 Padded Archer Armor
24:46 Wheelbarrow
KakuGoodman
4:21 Loom
17:11 Feudal Age
22:18 Castle Age
21:08 Double-Bit Axe
22:03 Scale Barding Armor
22:09 Forging
22:21 Gold Mining
24:11 Scale Mail Armor
focuzng
4:39 Loom
16:04 Feudal Age
18:36 Fishing Lines
21:47 Castle Age
20:12 Scale Barding Armor
21:47 Bloodlines
22:21 Double-Bit Axe
22:16 Light Cavalry
23:01 Husbandry
23:01 Gillnets
kongdu
4:26 Loom
13:48 Feudal Age
15:15 Fletching
20:12 Castle Age
23:36 Double-Bit Axe
23:37 Fishing Lines
sparttanez
3:16 Loom
15:51 Feudal Age
16:39 Double-Bit Axe
20:17 Horse Collar
23:22 Castle Age
22:09 Town Watch
23:23 Stone Mining
24:39 Wheelbarrow
24:17 Bow Saw
Connection lost

Rejoining the realm…

Still unreachable

The connection could not be restored.

Session expired

The server has moved on; the page needs a fresh start.